Map: Ultralove

Players

IIIIIIIIIIII - Winner!

  • Race: Zerg Zerg
  • League: Master
  • Spawn Location: 7:00

ZZZzzz

  • Race: Zerg Zerg
  • League: Master
  • Spawn Location: 1:00

VOD

Have the link to the VOD?

Description

Time

  • Played on: Feb. 24, 2025, 1:49 a.m.
  • Length: 10:03
Show
View Real Time Build Order
Export as new Build Order

IIIIIIIIIIII Zerg - Winner!

Build Orders: Hatch First 

Get SALT Encoding   

  12  0:00  Drone  
  13  0:09  Drone  
  14  0:14  Extractor  
  14  0:15  Drone  
  15  0:35  Hatchery  
  14  0:40  Drone, Extractor  
  15  0:46  Overlord  
  15  1:01  Spawning Pool  
  14  1:04  Drone  
  14  1:08  Drone  
  16  1:11  Drone  
  16  1:15  Drone  
  18  1:21  Extractor  
  17  1:26  Drone  
  18  1:37  Drone  
  19  1:47  Drone  
  19  1:48  Drone, Queen  
  19  1:53  Queen  
  25  1:57  Drone  
  26  2:02  Overlord  
  26  2:10  Drone x2  
  28  2:21  Drone x2  
  30  2:29  Queen  
  32  2:32  Queen  
  34  2:37  Overlord  
  34  2:42  Drone x2  
  36  2:50  Roach Warren  
  35  2:52  Drone  
  35  2:58  Drone x3  
  39  3:10  Drone x3  
  39  3:11  Drone  
  43  3:15  Drone  
  43  3:18  Lair  
  44  3:26  Overlord  
  44  3:27  Evolution Chamber  
  44  3:30  Evolution Chamber  
  42  3:34  Drone x2  
  42  3:35  Drone, Extractor  
  42  3:37  Extractor  
  43  3:43  Drone  
  43  3:44  Drone  
  43  3:45  Drone x5  
  50  3:53  Zerg Missile Weapons Level 1  
  50  3:56  Zerg Ground Armor Level 1  
  50  4:02  Drone, Overlord  
  51  4:15  Glial Reconstitution  
  51  4:18  Hatchery, Roach  
  51  4:23  Overlord  
  51  4:24  Roach x2  
  56  4:31  Roach x2  
  60  4:39  Overlord  
  60  4:43  Roach x3  
  60  4:44  Roach  
  60  4:45  Overlord  
  68  4:57  Overlord  
  68  4:58  Roach  
  68  4:59  Roach x3  
  75  5:09  Hatchery  
  75  5:10  Roach  
  76  5:17  Roach x2  
  76  5:18  Roach  
  82  5:24  Overlord  
  82  5:27  Roach x3  
  88  5:39  Roach x2  
  88  5:40  Overlord  
  88  5:42  Overlord  
  88  5:50  Drone  
  88  5:51  Drone x2  
  88  5:56  Drone x2  
  87  5:59  Zerg Missile Weapons Level 2  
  87  6:02  Drone  
  86  6:05  Drone x3  
  86  6:06  Drone  
  90  6:12  Drone  
  90  6:13  Drone x2  
  89  6:19  Drone  
  89  6:22  Drone  
  89  6:25  Extractor  
  88  6:34  Zerg Ground Armor Level 2  
  88  6:35  Overlord  
  88  6:36  Roach x6  
  88  6:38  Extractor  
  99  6:40  Ravager  
  99  6:42  Ravager  
  99  6:44  Roach  
  103  6:52  Roach x3  
  109  6:57  Roach  
  109  6:58  Roach  
  113  7:01  Roach x2  
  113  7:05  Roach x2  
  121  7:12  Overlord  
  121  7:13  Overlord x2  
  121  7:14  Roach  
  121  7:15  Roach x3  
  129  7:21  Ravager  
  130  7:26  Overlord  
  130  7:32  Ravager  
  130  7:33  Roach x5  
  141  7:41  Roach x2  
  145  7:51  Roach x4  
  153  7:52  Overlord x2  
  153  8:03  Roach  
  153  8:04  Overlord x2  
  153  8:15  Roach x4  
  157  8:26  Roach x9  
  159  8:34  Roach x8  
  159  8:40  Roach  
  159  8:41  Roach  
  163  8:49  Ravager x3  
  163  8:52  Roach x2  
  163  8:54  Overlord  
  170  8:56  Overlord  
  170  9:04  Overlord x2  
  170  9:14  Roach x4  
  170  9:15  Roach x4  
  186  9:29  Roach x4  
  180  9:33  Roach  
  180  9:34  Roach x4  
  180  9:37  Roach  
  168  9:42  Roach x4  
Show
View Real Time Build Order
Export as new Build Order

ZZZzzz Zerg 

Build Orders: Pool First 

Get SALT Encoding   

  12  0:00  Drone  
  13  0:09  Drone  
  14  0:16  Overlord  
  14  0:29  Drone, Extractor  
  14  0:35  Drone x2  
  16  0:45  Drone  
  17  0:50  Spawning Pool  
  17  0:56  Drone  
  17  1:06  Drone  
  18  1:20  Hatchery  
  18  1:24  Drone  
  18  1:32  Drone  
  19  1:39  Queen  
  21  1:46  Metabolic Boost  
  21  1:54  Overlord  
  21  2:05  Drone  
  22  2:13  Drone x2  
  24  2:16  Baneling Nest  
  24  2:22  Queen  
  25  2:29  Zergling x2  
  26  2:34  Zergling x4  
  28  2:42  Spine Crawler  
  27  2:44  Drone x2  
  27  2:47  Drone  
  30  2:58  Drone x3  
  33  3:03  Baneling x2  
  33  3:07  Overlord  
  33  3:10  Drone  
  33  3:20  Drone x3  
  33  3:25  Overlord  
  36  3:31  Drone x2  
  36  3:32  Drone x2  
  40  3:50  Hatchery  
  40  3:52  Zergling x8  
  40  3:55  Drone x2  
  45  3:59  Drone x2  
  45  4:01  Extractor  
  46  4:05  Drone x3  
  49  4:13  Evolution Chamber  
  49  4:16  Drone x3  
  51  4:20  Roach Warren  
  50  4:25  Overlord x2  
  50  4:29  Overlord  
  50  4:33  Overlord  
  50  4:39  Zerg Missile Weapons Level 1, Extractor  
  50  4:45  Overlord  
  49  4:46  Lair  
  49  4:48  Drone x3  
  51  5:02  Roach x5  
  51  5:05  Drone  
  62  5:07  Roach  
  62  5:08  Roach  
  66  5:15  Drone  
  66  5:16  Drone x4  
  71  5:31  Roach x5  
  82  5:35  Drone  
  82  5:37  Queen  
  81  5:52  Roach x3  
  81  5:53  Roach x5  
  89  6:01  Glial Reconstitution  
  89  6:03  Overlord x2  
  89  6:05  Ravager  
  89  6:08  Roach  
  89  6:09  Roach x2  
  92  6:25  Ravager  
  93  6:27  Roach x4  
  93  6:30  Overlord x2  
  93  6:32  Queen  
  101  6:35  Extractor  
  101  6:37  Roach x6  
  114  6:41  Overlord x2  
  114  6:49  Drone x3  
  117  6:55  Drone  
  117  6:56  Zerg Missile Weapons Level 2  
  117  7:00  Drone x3  
  121  7:06  Roach  
  121  7:07  Roach x3  
  129  7:15  Ravager  
  130  7:16  Overlord  
  130  7:17  Overlord  
  130  7:18  Roach x2  
  130  7:20  Overlord  
  130  7:21  Overlord  
  134  7:23  Extractor  
  134  7:27  Roach x3  
  134  7:28  Roach  
  141  7:30  Overlord  
  141  7:33  Drone x2  
  143  7:39  Ravager  
  143  7:42  Roach x3  
  150  7:48  Roach x3  
  158  7:51  Roach  
  158  7:56  Roach  
  158  7:57  Roach x2  
  162  8:08  Roach x7  
  176  8:16  Roach  
  178  8:26  Roach x7  
  152  8:46  Drone  
  152  8:47  Drone x4  
  152  8:48  Roach x3  
  163  8:49  Ravager  
  163  8:51  Ravager  
  163  8:54  Overlord x3  
  165  9:00  Overlord  
  165  9:04  Overlord x2  
  165  9:06  Hatchery  
  165  9:08  Roach x2  
  168  9:12  Roach  
  166  9:24  Roach  
  166  9:25  Roach x3  
  119  9:40  Roach  
  119  9:41  Roach x5  
Tags
 
Add a new tag
Caveats
  • Supply blocks, unpowered buildings, or Contaminate may cause inaccurate times.
  • Supply counts are checked every 10 seconds.